AoeStats
← 无忧无虑

Arena

510521203Analyzed
1v1 RM · 5h ago on Oct 1, 2026· 48m 47s· 2 players
Game mode
Random Map
Map size
Tiny (2 player)
Population
200
Speed
Normal
Resources
Standard
Victory
Conquest
Starting age
Dark Age
Ending age
Imperial Age
RankedLock teamsTeams togetherTeam positionsShared explorationLock speedFull tech treeHidden civsTurbo modeCheats
Victory
Defeat
🇫🇷 Franks · France
463
+15
🇨🇳 Teutons · China
435
-23
无忧无虑
14:53 Feudal Age
17:26 Man-at-Arms
19:02 Double-Bit Axe
23:00 Castle Age
24:33 Horse Collar
24:39 Long Swordsman
25:04 Gambesons
25:20 Squires
34:23 Imperial Age
33:28 Fortified Wall
39:51 Wheelbarrow
41:25 Scale Mail Armor
41:37 Forging
LastDay
11:30 Feudal Age
19:38 Castle Age
18:34 Double-Bit Axe
18:44 Gold Mining
21:19 Bow Saw
24:22 Town Watch
26:12 Gold Shaft Mining
25:29 Stone Mining
31:06 Scale Barding Armor
31:14 Forging
34:05 Imperial Age
38:39 Onager
38:41 Cavalier
39:46 Chain Barding Armor
40:02 Iron Casting
44:49 Paladin
46:09 Plate Barding Armor
46:37 Blast Furnace
47:05 Chemistry
Connection lost

Rejoining the realm…

Still unreachable

The connection could not be restored.

Session expired

The server has moved on; the page needs a fresh start.